 Dungeon Crawl Stone Soup version 0.21.1-1-g345015f (webtiles) character file.

165 KeeTraxx the Chopper (level 5, 0/47 HPs)
             Began as a Hill Orc Monk on Mar 11, 2018.
             Succumbed to kobold's curare-tipped needle
             ... on level 3 of the Dungeon.
             The game lasted 00:05:56 (2667 turns).

KeeTraxx the Chopper (Hill Orc Monk)                Turns: 2667, Time: 00:05:58

Health: 0/47       AC: 11    Str: 15    XL:     5   Next: 46%
Magic:  5/5        EV:  7    Int: 15    God:
Gold:   120        SH:  0    Dex: 13    Spells: 4/4 levels left

rFire    + . .     SeeInvis .   a - +0 hand axe
rCold    . . .     Gourm    .   (no shield)
rNeg     . . .     Faith    .   t - +0 chain mail (curse)
rPois    .         Spirit   .   (no helmet)
rElec    .         Reflect  .   (no cloak)
rCorr    .         Harm     .   s - +0 pair of gloves (curse)
MR       .....                  (no boots)
Stlth    ..........             (no amulet)
HPRegen  0.15/turn              (no ring)
MPRegen  0.09/turn              (no ring)

@: brilliant, lethally poisoned (0 -> -8), flying, slowed, very slow
A: iridescent scales 1, fire resistance 1
a: no special abilities


You were on level 3 of the Dungeon.
You were not hungry.

You visited 1 branch of the dungeon, and saw 3 of its levels.

You collected 120 gold pieces.

Inventory:

Hand Weapons
 a - a +0 hand axe (weapon)
 o - a +0 hunting sling
Missiles
 k - 11 poisoned needles
Armour
 b - a +0 robe
 l - a +0 pair of gloves
 m - a +0 ring mail
 n - a +0 scale mail
 s - a cursed +0 pair of gloves (worn)
 t - a cursed +0 chain mail (worn)
Scrolls
 d - 3 scrolls of remove curse {unknown}
 e - a scroll of amnesia {unknown}
 g - 4 scrolls of identify {unknown}
 j - a scroll of fear {unknown}
 p - 2 scrolls of fog {unknown}
 q - a scroll of enchant armour {unknown}
Potions
 r - a potion of flight
Comestibles
 c - 3 rations
 f - 2 chunks of flesh


   Skills:
 + Level 4.8 Fighting
 + Level 6.6 Axes
 + Level 1.5 Armour
 - Level 2.4 Dodging
 - Level 1.5 Stealth


You had 4 spell levels left.
You didn't know any spells.

Dungeon Overview and Level Annotations

Branches:
Dungeon (3/15)

Altars:

Annotations:
D:3 Sigmund


Innate Abilities, Weirdness & Mutations

You are partially covered in iridescent scales. (AC +2)
Your flesh is heat resistant. (rF+)


Message History

The kobold is severely wounded.
* * * LOW HITPOINT WARNING * * *
You feel sick. The kobold hits you but does no damage.
Your chain mail prevents you from hitting the kobold.
The kobold is severely wounded.
* * * LOW HITPOINT WARNING * * *
You feel sick. The kobold hits you but does no damage.
The kobold barely misses you.
You closely miss the kobold.
The kobold is severely wounded.
* * * LOW HITPOINT WARNING * * *
You feel sick. The kobold hits you but does no damage.
Your chain mail prevents you from hitting the kobold.
The kobold is severely wounded.
* * * LOW HITPOINT WARNING * * *
You feel sick. The kobold closely misses you.
The kobold hits you but does no damage.
You closely miss the kobold.
The kobold is severely wounded.
You die...

####..........#.#
#(.........#.#
#.K........#.#
#..........#.#
#..........#.#
#...)......#.#
#.(.(......#.#
#######K#####.#.#
#.....@(......#.#
#.#####.#######.#
#.# #.# #.# #.#
#.# #.# #.# #.#
#.# #.# #.# #.#
#.# #.#######.#
#.# #.........#
#<# #########.#


You could see a kobold.

Vanquished Creatures
  Terence (D:2)
  3 adders
  3 oozes
  4 worms
  A dart slug (D:1)
  3 leopard geckos
  5 giant cockroaches
  14 goblins
  11 hobgoblins
  8 jackals
  3 quokkas
  A ball python (D:1)
  9 bats
  5 frilled lizards
  4 kobolds
  6 rats
81 creatures vanquished.

Notes
Turn   | Place    | Note
-------+----------+-------------------------------------------
     0 | D:1      | KeeTraxx the Hill Orc Monk began the quest for the Orb.
     0 | D:1      | Reached XP level 1. HP: 19/19 MP: 1/1
   264 | D:1      | Reached XP level 2. HP: 27/27 MP: 2/2
   441 | D:1      | You fall through a shaft!
   471 | D:1      | Reached skill level 5 in Axes
   471 | D:1      | Reached XP level 3. HP: 12/33 MP: 3/3
  1082 | D:1      | You fall through a shaft!
  1144 | D:2      | Reached XP level 4. HP: 40/41 MP: 4/4
  1496 | D:2      | Noticed Terence
  1518 | D:2      | Killed Terence
  1518 | D:2      | Reached skill level 6 in Axes
  1989 | D:2      | Reached XP level 5. HP: 45/47 MP: 5/5
  2012 | D:2      | Reached skill level 1 in Armour
  2561 | D:3      | Noticed Sigmund
  2661 | D:3      | Gained mutation: Your flesh is heat resistant. (rF+) [potion of mutation]
  2661 | D:3      | Gained mutation: You are partially covered in iridescent scales. (AC +2) [potion of mutation]
  2665 | D:3      | HP: 1/47 [poisoned by kobold (curare-tipped needle)]
  2667 | D:3      | Succumbed to kobold's curare-tipped needle

Skill      XL: |  1  2  3  4  5 |
---------------+----------------+-----
Fighting       | 4 |  4.8
Axes           | 5 6 |  6.6
Armour         | 1 |  1.5
Dodging        | |  2.4
Stealth        | |  1.5

Action                   |  1- 3 |  4- 6 || total
-------------------------+-------+-------++-------
Melee: Hand axe          |   116 |   166 ||   282
  Use: Potion            |       |     3 ||     3
 Stab: Sleeping          |     3 |       ||     3
  Eat: Chunk             |     1 |     5 ||     6
Armor: Robe              |    17 |       ||    17
       Ring mail         |     7 |       ||     7
       Scale mail        |     1 |    31 ||    32
       Chain mail        |       |    52 ||    52
Dodge: Dodged            |   101 |    68 ||   169
